 Dungeon Crawl Stone Soup version 0.26.1-11-gd32895ea62 (webtiles) character file.

Game seed: 11678453895123730054

2475 treecow the Cleaver (level 9, 0/78 HPs)
             Began as a Minotaur Fighter on July 2, 2021.
             Was a Follower of Makhleb.
             Slain by a vampire (8 damage)
             ... on level 7 of the Dungeon.
             The game lasted 00:27:35 (7093 turns).

treecow the Cleaver (Minotaur Fighter)              Turns: 7093, Time: 00:27:36

Health: 0/78       AC: 11    Str: 23    XL:     9   Next: 27%
Magic:  9/9        EV: 11    Int:  7    God:    Makhleb [*.....]
Gold:   164        SH: 11    Dex: 14    Spells: 6/9 levels left

rFire    . . .     SeeInvis .   a - +0 war axe
rCold    . . .     Faith    .   c - +0 kite shield
rNeg     + . .     Spirit   .   T - +2 ring mail of the Harp {Will+ Dex+5 Slay-4}
rPois    .         Reflect  .   (helmet restricted)
rElec    .         Harm     .   k - +0 cloak
rCorr    .         Rampage  .   v - +0 pair of gloves
Will     ++...                  (no boots)
Stlth    +.........             (no amulet)
HPRegen  0.23/turn              P - ring of positive energy
MPRegen  0.11/turn              J - ring of willpower

@: mighty, about to teleport
A: retaliatory headbutt, horns 2
a: Renounce Religion


You were on level 7 of the Dungeon.
You worshipped Makhleb.
Makhleb was aware of your devotion.
You visited 2 branches of the dungeon, and saw 8 of its levels.

You collected 283 gold pieces.
You spent 119 gold pieces at shops.

Inventory:

Hand Weapons
 a - a +0 war axe (weapon)
 e - a +0 hunting sling
 n - a +1 whip of freezing
 M - a +6 hunting sling
Missiles
 f - 90 arrows
 g - 14 boomerangs
 i - 24 poisoned darts (quivered)
 s - 25 bolts
 t - 5 atropa-tipped darts
 x - 112 stones
Armour
 b - a +0 scale mail
 c - a +0 kite shield (worn)
 k - a +0 cloak (worn)
 m - the +1 scale mail "Tixzocue" {-Tele rC++}
   (You found it on level 5 of the Dungeon)

   It greatly protects you from cold.
   It prevents most forms of teleportation.
 v - a +0 pair of gloves (worn)
 G - a +0 ring mail
 T - the +2 ring mail of the Harp (worn) {Will+ Dex+5 Slay-4}
   (You found it on level 7 of the Dungeon)

   It affects your dexterity (+5).
   It affects your accuracy and damage with ranged weapons and melee attacks
   (-4).
   It affects your willpower, your defense against some magical effects.
Jewellery
 w - a +6 ring of dexterity {unknown}
 J - a ring of willpower (right hand)
 K - an uncursed ring of willpower
 N - an uncursed ring of resist corrosion
 P - a ring of positive energy (left hand)
 Q - an uncursed amulet of reflection {unknown}
Wands
 u - a wand of polymorph (12)
 y - a wand of random effects (28)
 H - a wand of paralysis (11)
 S - a wand of flame (25)
Scrolls
 o - 2 scrolls of amnesia
 B - a scroll of immolation
 D - a scroll of fear
 I - 2 scrolls of identify
 O - a scroll of remove curse
Potions
 d - a potion of might
 j - a potion of haste {unknown}
 l - 6 potions of curing {unknown}
 p - 2 potions of invisibility {unknown}
 q - 3 potions of brilliance
 r - 5 potions of flight
 z - a potion of cancellation
 C - 2 potions of mutation
 E - 4 potions of degeneration {unknown}
 F - a potion of berserk rage {unknown}
 L - 2 potions of ambrosia {unknown}
 R - a potion of lignification {unknown}


   Skills:
 + Level 6.8 Fighting
 + Level 9.2 Axes
 + Level 1.6 Throwing
 + Level 7.1 Armour
 + Level 3.3 Dodging
 + Level 1.0 Stealth
 + Level 7.1 Shields
 * Level 0.7 Spellcasting
 * Level 0.9 Transmutations
 * Level 1.3 Invocations


You had 6 spell levels left.
You knew the following spells:

 Your Spells              Type           Power        Failure   Level
a - Beastly Appendage     Tmut           2%           77%         1
b - Wereblood             Tmut           1%           88%         2

Your spell library contained the following spells:

 Spells                   Type           Power        Failure   Level
 Spider Form              Tmut/Pois      0%           99%         3
 Ice Form                 Ice/Tmut       0%           100%        4
 Blade Hands              Tmut           0%           100%        5


Dungeon Overview and Level Annotations

Branches:
Dungeon (7/15)             Temple (1/1) D:4

Altars:
Ashenzari
Cheibriados
Dithmenos
Elyvilon
Fedhas
Gozag
Hepliaklqana
Kikubaaqudgha
Makhleb
Nemelex Xobeh
Okawaru
Qazlal
Ru
Sif Muna
Trog
Uskayaw
Vehumet
Wu Jian
Xom
Yredelemnul
Zin
The Shining One

Shops:
D:5 =*[


Innate Abilities, Weirdness & Mutations

You reflexively headbutt those who attack you in melee.
You have a pair of horns on your head.


Message History

You feel much better. Something hits you but does no damage.
Something bites you.
You feel much better. Something hits you. You block something's attack.
You barely miss something. Your headbutt misses something.
Something hits you but does no damage. Something bites you!
Something draws strength from your injuries!
You feel very mighty all of a sudden.
Unholy energy fills the air.
You hit something.
Unholy energy fills the air.
* * * LOW HITPOINT WARNING * * *
You closely miss something. Something hits you but does no damage.
Something bites you.
* * * LOW HITPOINT WARNING * * *
You barely miss something. Something hits you but does no damage.
Something bites you but does no damage.
As you read the scroll of teleportation, it crumbles to dust.
You feel strangely unstable. Something hits you.
* * * LOW HITPOINT WARNING * * *
Something bites you!
You die...

*,,,,,,,,*,**,**,**,*
,,***,****,**,**,**,*
*** *,,,,,,*#.,,,,,.#
* ********#.,,,,,.# *
#..***..# * *******
#..* *..# * *,,,,<*
#..###..# *,,,,,*
#.......# *>,,,,*
#...@{..# *,,,,,*
#.##.##.# *,,,,,*
#.......# ***,***
####.#### *,* #.#
*,*########.#
#*##**,*#......<.#
...,,,,*#.########****
.########.# *,,,,,,,*
***


There were no monsters in sight!

Vanquished Creatures
  Pikel (D:4)
  Grinder (D:4)
  Eustachio (D:4)
  A sky beast (D:7)
  2 orc warriors (D:5)
  An ice beast (D:7)
  A phantom (D:4)
  An ogre (D:6)
  A lemure (D:4)
  Blork the orc (D:5)
  A wyvern zombie (D:7)
  A gnoll sergeant (D:5)
  2 wights (D:5)
  A howler monkey (D:5)
  A centaur zombie (D:6)
  3 orc priests
  3 orc wizards (D:4)
  2 jellies
  2 bullfrog skeletons
  Terence (D:3)
  Natasha (thrice) (D:4)
  6 worker ants
  A worker ant zombie (D:5)
  9 adders
  8 gnolls
  A shadow imp (D:5)
  An adder zombie (D:6)
  5 worms
  2 dart slugs (D:1)
  2 leopard geckos
  10 orcs
  4 bats
  2 giant cockroaches
  6 hobgoblins
  11 jackals
  6 kobolds
  3 quokkas
  A ball python (D:3)
  5 frilled lizards
  5 goblins
  A quokka skeleton (D:4)
  6 rats
126 creatures vanquished.

Vanquished Creatures (others)
  A bullfrog (D:7)
  A scorpion (D:7)
  An orc wizard (D:7)
  An iguana (D:7)
  An adder (D:7)
  A leopard gecko (D:7)
  A plant (D:2)
7 creatures vanquished.

Grand Total: 133 creatures vanquished

Notes
Turn   | Place    | Note
-------+----------+-------------------------------------------
     0 | D:1      | treecow the Minotaur Fighter began the quest for the Orb.
     0 | D:1      | Reached XP level 1. HP: 19/19 MP: 0/0
   209 | D:1      | Reached XP level 2. HP: 27/27 MP: 1/1
   890 | D:2      | Found a blossoming altar of Fedhas.
  1002 | D:2      | Found a stormy altar of Qazlal.
  1180 | D:2      | Found a white marble altar of Elyvilon.
  1317 | D:2      | Reached skill level 3 in Axes
  1412 | D:2      | Found an ancient bone altar of Kikubaaqudgha.
  1482 | D:2      | Reached XP level 3. HP: 34/34 MP: 2/2
  1847 | D:3      | Found a snail-covered altar of Cheibriados.
  1852 | D:3      | Found a burning altar of Makhleb.
  1885 | D:3      | Found an ornate altar of the Wu Jian Council.
  1887 | D:3      | Found a broken altar of Ashenzari.
  2003 | D:3      | Reached XP level 4. HP: 36/41 MP: 3/3
  2083 | D:3      | Found a glowing silver altar of Zin.
  2196 | D:3      | Reached skill level 4 in Axes
  2544 | D:3      | Noticed Terence
  2562 | D:3      | Killed Terence
  2563 | D:3      | Reached skill level 1 in Throwing
  2563 | D:3      | Reached XP level 5. HP: 34/47 MP: 4/4
  2867 | D:4      | Reached skill level 5 in Fighting
  2875 | D:4      | Reached skill level 1 in Dodging
  3196 | D:3      | Became a worshipper of Makhleb the Destroyer
  3321 | D:4      | Noticed a phantom
  3333 | D:4      | Killed a phantom
  3334 | D:4      | Reached skill level 5 in Axes
  3334 | D:4      | Reached XP level 6. HP: 50/56 MP: 5/5
  3334 | D:4      | Found a staircase to the Ecumenical Temple.
  3508 | D:4      | Noticed Grinder
  3521 | D:4      | Paralysed by Grinder for 6 turns
  3556 | D:4      | Paralysed by Grinder for 2 turns
  3560 | D:4      | Paralysed by Grinder for 3 turns
  3565 | D:4      | Killed Grinder
  3566 | D:4      | Reached skill level 5 in Armour
  3566 | D:4      | Reached skill level 5 in Shields
  3566 | D:4      | Reached XP level 7. HP: 34/61 MP: 6/6
  3733 | D:4      | Noticed Natasha
  3737 | D:4      | Killed Natasha
  3738 | D:4      | Reached skill level 6 in Axes
  3784 | D:4      | Noticed Pikel
  3810 | D:4      | Killed Pikel
  3811 | D:4      | Reached skill level 7 in Axes
  3811 | D:4      | Reached XP level 8. HP: 55/70 MP: 7/7
  3902 | D:4      | Noticed Eustachio
  3920 | D:4      | Killed Eustachio
  4033 | D:4      | Noticed Natasha
  4037 | D:4      | Killed Natasha
  4104 | D:4      | Reached skill level 8 in Axes
  4129 | Temple   | Entered the Ecumenical Temple
  4312 | D:4      | Learned a level 1 spell: Beastly Appendage
  4315 | D:4      | Learned a level 2 spell: Wereblood
  4531 | D:4      | Noticed Natasha
  4544 | D:4      | Killed Natasha
  4648 | D:5      | Entered Level 5 of the Dungeon
  4648 | D:5      | Found Jouw's Assorted Antiques.
  4660 | D:5      | Bought a glowing ring mail for 119 gold pieces
  4687 | D:5      | Found Ohiem's Antique Armour Shoppe.
  4689 | D:5      | Found a hazy altar of Hepliaklqana.
  4700 | D:5      | Got a masterwork scale mail
  4711 | D:5      | Identified the cursed +1 scale mail "Tixzocue" {-Tele rC++}
                  | (You found it on level 5 of the Dungeon)
  4766 | D:5      | Reached * piety under Makhleb
  4859 | D:5      | Noticed Blork the orc
  4867 | D:5      | Killed Blork the orc
  5148 | D:5      | Reached skill level 9 in Axes
  5151 | D:5      | Found Vuar Boe's Jewellery Shoppe.
  5587 | D:6      | Reached XP level 9. HP: 76/78 MP: 8/8
  5915 | D:6      | Found a shimmering blue altar of Sif Muna.
  6747 | D:7      | Reached skill level 1 in Invocations
  6857 | D:7      | Found a shimmering altar of Xom.
  6928 | D:7      | Reached skill level 1 in Stealth
  6935 | D:7      | Got a transparent ring mail
  6947 | D:7      | Identified the +2 ring mail of the Harp {Will+ Dex+5
                  | Slay-4} (You found it on level 7 of the Dungeon)
  7093 | D:7      | Slain by a vampire

Illustrated notes

Levels and vault maps discovered:
D:1:      amcnicky_arrival_feature_with_door, layout_basic,
          minmay_misc_feat_nine_boxes
D:2:      layout_basic, nicolae_overflow_crystal_walls, general_overflow_altar,
          fedhas_altar_3, kiku_gazebo_pond_becter, serial_bayou,
          serial_bayou_lagoon_b, serial_bayou_pond_e, serial_bayou_shore_a,
          serial_bayou_shore_b, serial_bayou_shore_b,
          hangedman_abyss_or_decor_lesser_grid, minmay_between
D:3:      layout_basic, lemuel_doored_altar, nicolae_overflow_hidden_temple,
          uniq_terence
D:4:      layout_cave_pods, temple_pool_b, uniq_eustachio, uniq_pikel,
          uniq_grinder, uniq_natasha
D:5:      layout_cave_pools, lemuel_crystal_altar, serial_shops,
          nicolae_shop_crystal, shop, shop, sword_in_stone, uniq_blork_the_orc
D:6:      layout_basic, kennysheep_mini_moat, kennysheep_nondescript,
          st_stairs_6
D:7:      layout_loops_cross, xom_confusion_cloud, nicolae_gozag_seed_capital
Temple:   eino_wide_crystal_templ

Skill      XL: |  1  2  3  4  5  6  7  8  9 |
---------------+----------------------------+-----
Fighting       | 4 5 6 |  6.8
Axes           | 3 4 5 7 9 |  9.2
Armour         | 4 5 6 7 |  7.1
Throwing       | 1 |  1.6
Shields        | 4 5 6 7 |  7.1
Dodging        | 1 2 3 |  3.3
Invocations    | 1 |  1.3
Stealth        | 1 |  1.0
Spellcasting   | |  0.7
Transmutations | |  0.9

Action                   |  1- 3 |  4- 6 |  7- 9 || total
-------------------------+-------+-------+-------++-------
Melee: War axe           |    72 |   115 |   230 ||   417
       Headbutt          |     8 |    20 |    42 ||    70
Throw: Boomerang         |       |     6 |       ||     6
       Dart              |       |       |     2 ||     2
  Use: Scroll            |     3 |       |    13 ||    16
       Potion            |     2 |     1 |     3 ||     6
Armor: Scale mail        |    36 |    47 |    79 ||   162
       Ring mail         |       |       |    19 ||    19
Dodge: Dodged            |    27 |    41 |    78 ||   146
Block: Kite shield       |    41 |    73 |   116 ||   230
